 Dungeon Crawl Stone Soup version 0.25-a0-294-gea9b1ad378 (webtiles) character file.

Game seed: 9676158575200319903, levelgen mode: deterministic

12274 MrRokkomies the Protected (level 11, -14/124 (126) HPs)
             Began as a Gnoll Wanderer on Dec 16, 2019.
             Was an Elder of Sif Muna.
             Demolished by an orc warlord
             ... wielding a cursed -3 war axe
              (26 damage)
             ... in a bailey.
             The game lasted 00:36:43 (11477 turns).

MrRokkomies the Protected (Gnoll Wanderer)         Turns: 11477, Time: 00:36:44

HP:   -14/124 (126) AC: 11    Str: 19    XL:     11   Next: 90%
MP:   20/20         EV: 16    Int: 18    God:    Sif Muna [****..]
Gold: 85            SH:  0    Dex: 19    Spells: 21/23 levels left

rFire    . . .     SeeInvis .   a - +0 lajatang
rCold    . . .     Gourm    .   (shield currently unavailable)
rNeg     . . .     Faith    .   c - +0 ring mail
rPois    .         Spirit   .   i - +0 helmet
rElec    .         Reflect  .   k - +1 cloak
rCorr    .         Harm     .   u - +0 pair of gloves
MR       .....                  (no boots)
Stlth    ..........             v - amulet of regeneration
HPRegen  0.70/turn              p - +4 ring of slaying
MPRegen  0.17/turn              r - +4 ring of intelligence

@: berserking, studying Polearms, very quick
A: distributed training, fangs 1, strong nose
a: Channel Magic, Forget Spell, Divine Exegesis, Renounce Religion


You were in a bailey.
You worshipped Sif Muna.
Sif Muna was greatly pleased with you.
You were not hungry.

You visited 3 branches of the dungeon, and saw 13 of its levels.
You also visited: Sewer and Bailey.

You collected 601 gold pieces.
You spent 516 gold pieces at shops.

Inventory:

Hand Weapons
 a - a +0 lajatang (weapon)
 b - a +2 shortbow
 t - a +0 vampiric broad axe
 D - a +2 scimitar of holy wrath
Missiles
 d - 126 arrows
 y - 5 datura-tipped darts
 C - 2 atropa-tipped darts
 I - 16 boomerangs
 J - 9 poisoned darts (quivered)
Armour
 c - a +0 ring mail (worn)
 i - a +0 helmet (worn)
 k - a +1 cloak (worn)
 u - a +0 pair of gloves (worn)
 w - +0 gold dragon scales
Jewellery
 p - a +4 ring of slaying (left hand)
 r - a +4 ring of intelligence (right hand)
 v - an amulet of regeneration (around neck)
Wands
 F - a wand of disintegration (13)
 G - a wand of flame (17)
 K - a wand of polymorph (4)
 M - a wand of digging (3)
Scrolls
 m - 2 scrolls of magic mapping
 A - 4 scrolls of amnesia
 H - 5 scrolls of enchant armour
 L - 2 scrolls of teleportation
 P - 3 scrolls of blinking
 Q - a scroll of fear
 R - a scroll of identify
Potions
 e - a potion of might
 g - a potion of berserk rage
 j - 4 potions of lignification
 l - 8 potions of curing
 n - a potion of degeneration {unknown}
 o - 2 potions of brilliance {unknown}
 q - a potion of resistance {unknown}
 s - 2 potions of flight {unknown}
 x - 2 potions of agility
 z - a potion of heal wounds
 B - 2 potions of haste {unknown}
 E - a potion of mutation {unknown}
Books
 h - a manual of Polearms
Miscellaneous
 N - a lightning rod (inert)
Comestibles
 f - 20 rations


   Skills:
 + Level 7.1 Fighting
 + Level 6.6 Short Blades
 + Level 6.6 Long Blades
 + Level 6.6 Axes
 + Level 6.6 Maces & Flails
 + Level 7.7 Polearms
 + Level 6.6 Staves
 + Level 6.6 Slings
 + Level 8.1 Bows
 + Level 6.6 Crossbows
 + Level 7.1 Throwing
 + Level 8.1 Armour
 + Level 6.6 Dodging
 + Level 7.1 Stealth
 + Level 6.6 Shields
 + Level 6.6 Unarmed Combat
 + Level 6.6 Spellcasting
 + Level 6.7 Conjurations
 + Level 5.5 Hexes
 + Level 5.5 Charms
 + Level 5.9 Summonings
 + Level 5.5 Necromancy
 + Level 5.5 Translocations
 + Level 5.5 Transmutations
 + Level 5.5 Fire Magic
 + Level 5.5 Ice Magic
 + Level 5.5 Air Magic
 + Level 5.5 Earth Magic
 + Level 5.5 Poison Magic
 + Level 7.2 Invocations
 + Level 6.6 Evocations


You had 21 spell levels left.
You knew the following spells:

 Your Spells              Type           Power        Failure   Level  Hunger
a - Summon Butterflies    Summ           ####....     1%          1    None
b - Confusing Touch       Hex            ####..       1%          1    None

Your spell library contained the following spells:

 Spells                   Type           Power        Failure   Level  Hunger
 Shock                    Conj/Air       ####         1%          1    None
 Swiftness                Chrm/Air       ####....     2%          2    None
 Recall                   Summ/Tloc      N/A          4%          3    ##.....
 Static Discharge         Conj/Air       ####....     4%          3    ##.....
 Confuse                  Hex            ####....     5%          3    ##.....
 Gell's Gravitas          Tloc           ####......   5%          3    ##.....
 Airstrike                Air            ####......   19%         4    ####...
 Petrify                  Tmut/Erth      ####....     19%         4    ####...
 Lightning Bolt           Conj/Air       ####......   36%         5    #####..
 Metabolic Englaciation   Hex/Ice        ####......   45%         5    #####..
 Yara's Violent Unravell  Hex/Tmut       ####......   45%         5    #####..


Dungeon Overview and Level Annotations

Branches:
Dungeon (10/15)            Temple (1/1) D:5            Lair (2/6) D:8
  Snake (0/4) Lair:2        Sewer (visited)          Bailey (1/1)
  Swamp: Lair:2-4    Shoals: Lair:2-4       Orc: D:9-12

Altars:
Cheibriados
Elyvilon
Fedhas
Gozag
Hepliaklqana
Kikubaaqudgha
Makhleb
Nemelex Xobeh
Okawaru
Qazlal
Ru
Sif Muna
Trog
Uskayaw
Vehumet
Wu Jian
Xom
Yredelemnul
Zin
The Shining One

Shops:
D:6 *   D:8 (   D:9 ?

Annotations:
D:5 2 transporters
D:7 3 runed translucent doors, astraldaughter's ghost, novice TrMo


Innate Abilities, Weirdness & Mutations

Your experience applies equally to all skills.
You have very sharp teeth.
Your uncanny sense of smell can sniff out nearby items.


Message History

The lightning rod overheats!
The orc warlord hits you with a cursed -3 war axe!!!
A red film seems to cover your vision as you go berserk!
You feel yourself moving faster!
You feel mighty!
You hit the orc warlord but do no damage.
The orc warlord is severely wounded.
The orc warlord misses you.
You slash the orc warlord!
You bite the orc warlord, but do no damage.
The orc warlord is severely wounded.
The orc warlord hits you with a cursed -3 war axe!!
* * * LOW HITPOINT WARNING * * *
You barely miss the orc warlord. Your bite misses the orc warlord.
The orc warlord is severely wounded.
The orc knight hits you with a +0 war axe!!
* * * LOW HITPOINT WARNING * * *
You slash the orc warlord!
The orc warlord is severely wounded.
The orc warlord hits you with a cursed -3 war axe!!
You die... # ∆ ..... ##.........## #∆∆ ...o(##8..........# #∆∆ ..o∆).#8..........# #∆∆ .g.o∆)'.....⌠....\# #∆∆ ..o.o.#8..........# #∆∆ ..ooo

#8..........# ##∆ ....
###..)......## .###
o.o###.###oo...###
...###.###.....#@#.###
.....###.........###
......#......)....#
......#...).......#
⌠....)#).)..⌠.....#
......))))).......#
.....)#...).......#
...).###.........##
...### ###.....###


You could see an orc warlord and an orc knight.

Vanquished Creatures
  A hydra (Lair:2)
  4 two-headed ogres
  An orc knight (Bailey)
  A black mamba (Lair:1)
  4 blink frogs (Lair:1)
  A hippogriff (Lair:2)
  A spriggan (D:9)
  6 yaks
  2 wyverns
  A hungry ghost (D:7)
  Edmund (D:5)
  2 water moccasins
  3 porcupines
  3 phantoms
  8 orc warriors
  2 sky beasts (D:7)
  2 necrophages
  3 ogres
  A centaur (D:5)
  2 crocodiles
  3 big kobolds
  4 bullfrogs
  A wyvern zombie (D:7)
  5 scorpions
  10 killer bees (D:8)
  4 howler monkeys
  7 wights
  3 crimson imps
  A centaur zombie (D:3)
  4 orc priests
  A bullfrog skeleton (D:9)
  A centaur skeleton (D:7)
  5 iguanas
  5 orc wizards
  7 worker ants
  2 killer bee zombies
  A hound zombie (D:7)
  10 gnolls
  A howler monkey skeleton (D:7)
  8 adders
  2 river rats (D:4)
  A shadow imp (D:6)
  An ooze (D:3)
  2 adder skeletons (D:9)
  2 adder zombies
  2 worms
  2 dart slugs
  6 leopard geckos
  35 orcs
  2 ball pythons
  5 bats
  6 giant cockroaches
  21 goblins
  15 hobgoblins
  9 jackals
  25 kobolds
  2 quokkas
  4 frilled lizards
  A quokka zombie (D:8)
  15 rats
290 creatures vanquished.

Vanquished Creatures (collateral kills)
  An orc knight (Bailey)
  8 orc warriors (Bailey)
  A gnoll (Bailey)
  4 orcs (Bailey)
  2 goblins (Bailey)
  3 hobgoblins (Bailey)
19 creatures vanquished.

Vanquished Creatures (others)
  A gnoll (Bailey)
  A fungus (D:8)
2 creatures vanquished.

Grand Total: 311 creatures vanquished

Notes
Turn   | Place    | Note
-------+----------+-------------------------------------------
     0 | D:1      | MrRokkomies the Gnoll Wanderer began the quest for the Orb.
     0 | D:1      | MrRokkomies set off with the following items: a +2
                  | shortbow, 26 arrows, a +0 ring mail, a ration; and the
                  | following spell memorised: Summon Butterflies; and the
                  | following spells available to memorise: Recall
     0 | D:1      | Reached XP level 1. HP: 17/17 MP: 1/1
   159 | D:1      | Reached XP level 2. HP: 23/23 MP: 2/2
   361 | D:1      | Reached XP level 3. HP: 28/28 MP: 3/3
   699 | D:2      | Reached skill level 1 in Invocations
   804 | D:2      | Reached skill level 1 in Short Blades
   804 | D:2      | Reached skill level 1 in Long Blades
   804 | D:2      | Reached skill level 1 in Axes
   804 | D:2      | Reached skill level 1 in Maces & Flails
   804 | D:2      | Reached skill level 1 in Polearms
   804 | D:2      | Reached skill level 1 in Staves
   804 | D:2      | Reached skill level 1 in Slings
   804 | D:2      | Reached skill level 1 in Crossbows
   804 | D:2      | Reached skill level 1 in Dodging
   804 | D:2      | Reached skill level 1 in Shields
   804 | D:2      | Reached skill level 1 in Unarmed Combat
   804 | D:2      | Reached skill level 1 in Spellcasting
   804 | D:2      | Reached skill level 1 in Evocations
   859 | D:2      | Reached XP level 4. HP: 34/34 MP: 5/5
   860 | D:2      | Found a shimmering altar of Xom.
  1696 | D:3      | Reached skill level 1 in Hexes
  1696 | D:3      | Reached skill level 1 in Charms
  1696 | D:3      | Reached skill level 1 in Necromancy
  1696 | D:3      | Reached skill level 1 in Translocations
  1696 | D:3      | Reached skill level 1 in Transmutations
  1696 | D:3      | Reached skill level 1 in Fire Magic
  1696 | D:3      | Reached skill level 1 in Ice Magic
  1696 | D:3      | Reached skill level 1 in Air Magic
  1696 | D:3      | Reached skill level 1 in Earth Magic
  1696 | D:3      | Reached skill level 1 in Poison Magic
  1700 | D:3      | Reached XP level 5. HP: 34/40 MP: 5/7
  1736 | D:3      | Found an ancient bone altar of Kikubaaqudgha.
  1952 | D:3      | Reached XP level 6. HP: 41/47 MP: 8/8
  2238 | D:3      | Reached skill level 5 in Bows
  2238 | D:3      | Reached skill level 5 in Armour
  2908 | D:4      | Found a glowing drain.
  2919 | Sewer    | Entered a sewer
  2923 | Sewer    | Reached XP level 7. HP: 52/52 MP: 10/10
  3030 | Sewer    | Found a white marble altar of Elyvilon.
  3622 | D:5      | Entered Level 5 of the Dungeon
  3813 | D:5      | Reached XP level 8. HP: 59/60 MP: 12/12
  3856 | D:5      | Found an ornate altar of the Wu Jian Council.
  3905 | D:5      | Noticed Edmund
  3917 | D:5      | Killed Edmund
  3969 | D:5      | Found a radiant altar of Vehumet.
  3970 | D:5      | Found a transporter.
  3987 | D:5      | Found a hide-covered altar of Uskayaw.
  4125 | D:5      | Learned a level 1 spell: Confusing Touch
  4195 | D:5      | Found a transporter.
  4234 | D:5      | Found a staircase to the Ecumenical Temple.
  4251 | Temple   | Entered the Ecumenical Temple
  4283 | Temple   | Became a worshipper of Sif Muna the Loreminder
  4698 | D:6      | Found a radiant altar of Vehumet.
  4881 | D:6      | Found a stormy altar of Qazlal.
  5274 | D:6      | Found Kuanif Egom's Assorted Antiques.
  5566 | D:7      | Reached XP level 9. HP: 62/65 MP: 14/14
  5577 | D:7      | Reached skill level 5 in Conjurations
  5676 | D:7      | Found a bloodstained altar of Trog.
  5768 | D:7      | Reached * piety under Sif Muna
  5919 | D:7      | Found a runed translucent gate.
  5919 | D:7      | Found a runed translucent gate.
  5919 | D:7      | Found a runed translucent gate.
  5919 | D:7      | Noticed astraldaughter's ghost (novice TrMo)
  6159 | D:8      | Reached skill level 5 in Fighting
  6159 | D:8      | Reached skill level 5 in Throwing
  6347 | D:8      | Reached skill level 5 in Stealth
  6390 | D:8      | Found a staircase to the Lair.
  6435 | D:8      | Reached skill level 5 in Invocations
  6759 | D:8      | Reached XP level 10. HP: 58/74 MP: 17/17
  6763 | D:8      | Reached ** piety under Sif Muna
  8042 | D:8      | Found Seppaimunu's Weapon Shop.
  8151 | D:6      | Bought a scroll of remove curse for 69 gold pieces
  8151 | D:6      | Bought a lajatang for 345 gold pieces
  8351 | Lair:1   | Entered Level 1 of the Lair of Beasts
  8451 | Lair:1   | Reached skill level 5 in Short Blades
  8451 | Lair:1   | Reached skill level 5 in Long Blades
  8451 | Lair:1   | Reached skill level 5 in Axes
  8451 | Lair:1   | Reached skill level 5 in Maces & Flails
  8451 | Lair:1   | Reached skill level 5 in Polearms
  8451 | Lair:1   | Reached skill level 5 in Staves
  8451 | Lair:1   | Reached skill level 5 in Slings
  8451 | Lair:1   | Reached skill level 5 in Crossbows
  8451 | Lair:1   | Reached skill level 5 in Dodging
  8451 | Lair:1   | Reached skill level 5 in Shields
  8451 | Lair:1   | Reached skill level 5 in Unarmed Combat
  8451 | Lair:1   | Reached skill level 5 in Spellcasting
  8451 | Lair:1   | Reached skill level 5 in Evocations
  8772 | Lair:1   | Noticed a black mamba
  8788 | Lair:1   | Killed a black mamba
  8788 | Lair:1   | Reached skill level 5 in Summonings
  9198 | Lair:2   | Noticed a seven-headed hydra
  9208 | Lair:2   | Killed a seven-headed hydra
  9377 | Lair:2   | Found a staircase to the Snake Pit.
  9377 | Lair:2   | Noticed a catoblepas
  9404 | Lair:2   | HP: 2/76 [catoblepas (12)]
  9411 | Lair:2   | HP: 1/76 [catoblepas/blast of calcifying dust (2)]
  9743 | D:9      | Reached XP level 11. HP: 77/82 MP: 19/19
  9756 | D:9      | Noticed a two-headed ogre
  9762 | D:9      | Killed a two-headed ogre
 10147 | D:9      | Reached *** piety under Sif Muna
 10151 | D:9      | Reached skill level 5 in Hexes
 10151 | D:9      | Reached skill level 5 in Charms
 10151 | D:9      | Reached skill level 5 in Necromancy
 10151 | D:9      | Reached skill level 5 in Translocations
 10151 | D:9      | Reached skill level 5 in Transmutations
 10151 | D:9      | Reached skill level 5 in Fire Magic
 10151 | D:9      | Reached skill level 5 in Ice Magic
 10151 | D:9      | Reached skill level 5 in Air Magic
 10151 | D:9      | Reached skill level 5 in Earth Magic
 10151 | D:9      | Reached skill level 5 in Poison Magic
 10313 | D:9      | Noticed a two-headed ogre
 10322 | D:9      | Killed a two-headed ogre
 10504 | D:9      | Found Deyluacs's Magic Scroll Shoppe.
 10547 | D:9      | Bought a scroll of identify for 24 gold pieces
 10547 | D:9      | Bought a scroll of teleportation for 36 gold pieces
 10547 | D:9      | Bought a scroll of fear for 42 gold pieces
 10604 | D:9      | Found a basalt altar of Yredelemnul.
 10760 | D:10     | Entered Level 10 of the Dungeon
 10760 | D:10     | Noticed a two-headed ogre
 10767 | D:10     | Killed a two-headed ogre
 10776 | D:10     | Noticed a two-headed ogre
 10786 | D:10     | Killed a two-headed ogre
 10902 | D:10     | Found a flagged portal.
 10921 | Bailey   | Entered a bailey
 11125 | Bailey   | Reached **** piety under Sif Muna
 11198 | Bailey   | Noticed an orc knight
 11203 | Bailey   | Noticed an orc knight
 11238 | Bailey   | Killed an orc knight
 11258 | Bailey   | Killed an orc knight
 11447 | Bailey   | Noticed an orc knight
 11447 | Bailey   | Noticed an orc warlord
 11477 | Bailey   | Demolished by an orc warlord

Levels and vault maps discovered:
D:1:      lemuel_arrival_funnel, layout_rooms
D:2:      layout_basic, xom_teletrap_fun
D:3:      layout_basic, lemuel_round_altar, due_unseen_surprise
D:4:      layout_loops_ring, gup_sewer_entry_bubbles
D:5:      gammafunk_steamed_eel, layout_basic, nicolae_overflow_hidden_temple,
          eat_drink_and_be_merry_uskayaw, minmay_temple_entry_tees,
          first_ration, uniq_edmund
D:6:      layout_basic, grunt_qazlal_clouds, serial_shops, shop,
          vehumet_altar_wand_db
D:7:      layout_rooms, overflow_temple_1_default, gammafunk_ghost_necromancy
D:8:      layout_layer_cave, grunt_lair_entry_orc_guard_hut, serial_shops, shop
D:9:      layout_roguey, marbit_many_paths, serial_shops, shop, the_bakery
D:10:     layout_gridville, lightli_bailey_entry_fortress,
          nicolae_trove_entry_crystal
Temple:   minmay_temple_bridge_abc
Lair:1:   layout_hall_layers, serial_bayou_shore_a
Lair:2:   layout_layer_cave, minmay_swamp_entry_reptiles,
          minmay_snake_entry_guardpost_small, gammafunk_ghost_ooze, st_stairs_6,
          grunt_megastairs_3, lemuel_fruit_fields
Bailey:   bailey_axe_minmay_hex_keep, bailey

Skill      XL: |  1  2  3  4  5  6  7  8  9 10 11 |
---------------+----------------------------------+-----
Summonings     | 2 3 4 5 |  5.9
Invocations    | 1 2 3 4 5 6 7 |  7.2
Short Blades   | 1 2 3 4 5 6 |  6.6
Long Blades    | 1 2 3 4 5 6 |  6.6
Axes           | 1 2 3 4 5 6 |  6.6
Maces & Flails | 1 2 3 4 5 6 |  6.6
Polearms       | 1 2 3 4 6 7 |  7.7
Staves         | 1 2 3 4 5 6 |  6.6
Slings         | 1 2 3 4 5 6 |  6.6
Crossbows      | 1 2 3 4 5 6 |  6.6
Dodging        | 1 2 3 4 5 6 |  6.6
Shields        | 1 2 3 4 5 6 |  6.6
Unarmed Combat | 1 2 3 4 5 6 |  6.6
Spellcasting   | 1 2 3 4 5 6 |  6.6
Evocations     | 1 2 3 4 5 6 |  6.6
Hexes          | 1 2 3 4 5 |  5.5
Charms         | 1 2 3 4 5 |  5.5
Necromancy     | 1 2 3 4 5 |  5.5
Translocations | 1 2 3 4 5 |  5.5
Transmutations | 1 2 3 4 5 |  5.5
Fire Magic     | 1 2 3 4 5 |  5.5
Ice Magic      | 1 2 3 4 5 |  5.5
Air Magic      | 1 2 3 4 5 |  5.5
Earth Magic    | 1 2 3 4 5 |  5.5
Poison Magic   | 1 2 3 4 5 |  5.5
Fighting       | 3 4 5 6 7 |  7.1
Throwing       | 3 4 5 6 7 |  7.1
Conjurations   | 4 5 6 |  6.7
Stealth        | 3 4 5 6 7 |  7.1
Bows           | 5 6 7 8 |  8.1
Armour         | 5 6 7 8 |  8.1

Action                   |  1- 3 |  4- 6 |  7- 9 | 10-12 || total
-------------------------+-------+-------+-------+-------++-------
Melee: Whip              |    61 |   130 |   388 |    70 ||   649
       Bite              |     5 |    17 |    55 |    29 ||   106
       Punch             |       |     1 |       |       ||     1
       Lajatang          |       |       |       |   209 ||   209
 Fire: Shortbow          |    25 |       |       |   114 ||   139
Throw: Dart              |       |     6 |     7 |    29 ||    42
 Cast: Summon Butterflie |       |       |     1 |       ||     1
Evoke: Wand              |       |       |       |     7 ||     7
       Lightning rod     |       |       |       |     4 ||     4
  Use: Scroll            |       |     8 |     4 |     8 ||    20
       Potion            |       |       |     3 |     7 ||    10
 Stab: Sleeping          |     3 |     5 |     6 |     7 ||    21
       Distracted        |       |     2 |       |       ||     2
  Eat: Chunk             |       |     6 |    11 |    12 ||    29
       Ration            |       |       |     1 |     1 ||     2
Armor: Ring mail         |    22 |    36 |   124 |    89 ||   271
       Skin              |       |       |       |     4 ||     4
Dodge: Dodged            |    39 |    73 |   158 |   192 ||   462
Block: Shield            |       |       |   133 |    40 ||   173

Table legend:
 A = Non-vault XP
 B = Vault XP
 C = Vault XP percentage of total XP
 D = Non-vault monster count
 E = Vault monster count
 F = Vault count percentage of total count
                 A         B        C        D         E       F
            +---------+---------+-------+---------+---------+-------
      Total |   14020 |    3515 |  20.0 |     234 |      75 |  24.3
            +---------+---------+-------+---------+---------+-------
        D:1 |      46 |       0 |   0.0 |      26 |       0 |   0.0
        D:2 |      66 |       0 |   0.0 |      23 |       0 |   0.0
        D:3 |     355 |       0 |   0.0 |      30 |       0 |   0.0
        D:4 |     375 |      35 |   8.5 |      13 |       6 |  31.6
        D:5 |     403 |     157 |  28.0 |      12 |       1 |   7.7
        D:6 |     637 |       2 |   0.3 |      20 |       1 |   4.8
        D:7 |    1081 |       0 |   0.0 |      17 |       0 |   0.0
        D:8 |    1814 |     457 |  20.1 |      48 |       4 |   7.7
        D:9 |    3903 |     290 |   6.9 |      29 |       2 |   6.5
       D:10 |    1954 |      32 |   1.6 |       3 |       3 |  50.0
     Lair:1 |    2200 |       0 |   0.0 |      10 |       0 |   0.0
     Lair:2 |    1186 |     250 |  17.4 |       3 |       1 |  25.0
      Sewer |       0 |     111 | 100.0 |       0 |      10 | 100.0
     Bailey |       0 |    2181 | 100.0 |       0 |      47 | 100.0
            +---------+---------+-------+---------+---------+-------
